amy, neutral female human Ranger |.. --... ...<.. ..(.... ...... ....... ..G... ..GB. %.@.. ...-- .-- amy the Lookout Experience level: 3 Strength: 13 Dexterity: 11 Constitution: 16 Intelligence: 13 Wisdom: 15 Charisma: 7 Health: 0(25) Energy: 18(18) Def: 4 Gold: 265 Moves: 1318 Dungeon seed: RikeOYZ6KB9ZVM0P Game ID: amy_1466761628 Your Inventory: Coins $ - 265 gold pieces Weapons b - an uncursed +2 bow (weapon in hand) c - 52 uncursed +2 arrows d - 22 blessed +0 arrows (in quiver) s - an uncursed +1 dagger z - 2 blessed corroded +0 arrows M - an uncursed +0 elven dagger Armor e - an uncursed +2 cloak of displacement (being worn) n - an uncursed +0 orcish helm (being worn) N - an uncursed +0 dwarvish iron helm Comestibles f - 3 uncursed cram rations l - an uncursed melon E - 2 uncursed food rations O - an uncursed eucalyptus leaf Scrolls p - an uncursed scroll of identify w - 2 uncursed scrolls of teleportation I - a cursed scroll of enchant weapon K - an uncursed scroll of remove curse L - an uncursed scroll of food detection Potions r - a cursed potion of extra healing v - an uncursed potion of hallucination x - an uncursed potion of enlightenment B - an uncursed potion of gain energy C - an uncursed potion of fruit juice Rings Y - an uncursed ring of invisibility Wands g - an uncursed wand of slow monster (0:3) y - an uncursed wand of nothing (0:3) A - an uncursed wand of polymorph (0:3) D - an uncursed wand of enlightenment (0:9) Tools k - an uncursed skeleton key t - an uncursed magic marker (0:71) T - an uncursed partly used tallow candle (lit) (0:190) Gems i - a cursed loadstone q - an uncursed touchstone Spells and supernatural/magical abilities: Name Level Category Fail Memory W - pray for help -- divine ? -- Your skills at the end: Miscellaneous Skills wands [Basic] Weapon Skills dagger [Basic] bow [Basic] Spellcasting Skills Final Attributes: You were devoutly aligned. You had automatic searching. You were displaced. You are dead. Vanquished creatures: a dwarf king 4 gnome lords 4 dwarves a giant bat a wererat a coyote 2 hobbits 2 geckos a giant rat a green mold 11 gnomes 2 garter snakes a kobold 6 newts a goblin 2 sewer rats a grid bug 2 lichens 44 creatures vanquished. Voluntary challenges: You did not adorn yourself with jewelry or accessories. You were an atheist. You used a wielded weapon 12 times, starting on turn 53. You did not apply a unicorn horn. You read items or engraved 1 time, starting on turn 480. You never genocided any monsters. You polymorphed 2 items, starting on turn 486. You never changed form. You used no wishes. You never split a pudding. You never wrote Elbereth's name. You never violated your personal moral code. Dungeon overview: The Dungeons of Doom: levels 1 to 3 Level 1 a long staircase Level 2 a sink Level 3 a fountain stairs to The Gnomish Mines The Gnomish Mines: levels 4 to 6 Level 4 stairs to The Dungeons of Doom Level 5 Level 6 <- You were here History has recorded: On T:1 you entered the Dungeons of Doom to retrieve the Amulet of Yendor! On T:448 you reached level 2 of The Dungeons of Doom. On T:730 you reached level 3 of The Dungeons of Doom. On T:835 you advanced to experience level 2. On T:931 you reached level 1 of The Gnomish Mines. On T:1008 you advanced to experience level 3. On T:1189 you reached level 2 of The Gnomish Mines. On T:1307 you reached level 3 of The Gnomish Mines. Score breakdown: Gold: 265 ( 26 points) Experience: 3 levels ( 200 points) Exploration: 6 levels ( 150 points) Discoveries: 3 items ( 150 points) Variety of kills: 18 monsters ( 900 points) Major goal: (nothing yet) ( 0 points) Survival: died (score multiplied by 3) Total score: 4278 Latest messages: You have a little trouble lifting i - a gray stone. Your movements are slowed slightly because of your load. For some reason, you cannot drop the stone! You hear some noises. You fall down the stairs. Your candle's flame burns brightly! The gnome lord hurls a pink potion! The vial crashes on your head and breaks into shards. This burns! The dwarf strikes at your displaced image and misses you! The gnome lord punches you! The gnome punches you! You hear some noises in the distance. The gnome is killed by the blast of missiles! The gnome lord punches you! The dwarf wields a dagger! The giant bat bites! You don't have that object. Your food rations would get too dirty. The giant bat bites! The gnome lord punches you! You die... Final status: Goodbye amy the Ranger, killed by a gnome lord... You died in The Gnomish Mines on dungeon level 6 with 4278 points, and 265 pieces of gold, after 1318 moves. You were level 3 with a maximum of 25 hit points when you died.